 Dungeon Crawl Stone Soup version 0.19-a0-1837-gdfe47cf (webtiles) character file.

902 Ericaplier the Slasher (level 7, -3/61 HPs)
             Began as a Mottled Draconian Berserker on Oct 8, 2016.
             Was a Priest of Trog.
             Slain by a phantom (6 damage)
             ... on level 4 of the Dungeon.
             The game lasted 00:19:29 (3355 turns).

Ericaplier the Slasher (DrBe)                       Turns: 3355, Time: 00:19:30

Health: -3/61      AC:  8    Str: 21    XL:     7   Next: 80%
Magic:  0/7        EV: 20    Int:  8    God:    Trog [***...]
Gold:   165        SH:  0    Dex: 15    Spells: 0 memorised, 6 levels left

rFire  + . .     SeeInvis .     a - +0 war axe (chop)
rCold  x . .     Gourm    .     (armour unavailable)
rNeg   . . .     Faith    .     (no shield)
rPois  +         Spirit   +     (helmet restricted)
rElec  .         Dismiss  .     b - +1 cloak
rCorr  .         Reflect  .     (no gloves)
MR     .....     Harm     .     (no boots)
Stlth  +++.......               e - amulet of guardian spirit
                                g - ring of poison resistance
                                d - ring of fire

@: agile, exhausted, slowed, very slow
A: breathe sticky flame splash, unfitting armour, cold-blooded, AC +6
a: Breathe Sticky Flame, Berserk, Trog's Hand, Burn Spellbooks, Renounce
Religion


You were on level 4 of the Dungeon.
You worshipped Trog.
Trog was most pleased with you.
You were not hungry.

You visited 1 branch of the dungeon, and saw 4 of its levels.
You also visited: Sewer.

You collected 195 gold pieces.
You spent 30 gold pieces at shops.

Inventory:

Hand Weapons
 a - a +0 war axe of chopping (weapon)
Armour
 b - a +1 cloak (worn)
Jewellery
 d - a ring of fire (left hand)
 e - an amulet of guardian spirit (around neck)
 g - a ring of poison resistance (right hand)
 i - an uncursed ring of protection from cold {unknown}
Wands
 f - a wand of flame (7/48)
Potions
 c - a potion of cure mutation


   Skills:
 + Level 5.1 Fighting
   Level 7.1 Long Blades
 + Level 1.3 Axes
 + Level 4.7 Dodging
 + Level 1.3 Stealth
 + Level 0.2 Evocations


You had 6 spell levels left.
You didn't know any spells.

Dungeon Overview and Level Annotations

Branches:
Dungeon (4/15)
 Temple: D:4-7

Altars:
Dithmenos
Hepliaklqana
Makhleb
Nemelex Xobeh
Qazlal
Trog
Vehumet

Shops:
D:4 !


Innate Abilities, Weirdness & Mutations

You can spit globs of burning liquid.
You can ignite nearby creatures when you spit burning liquid.
Your weird mottled scales are hard. (AC +6)
You cannot fit into any form of body armour.
You are cold-blooded and may be slowed by cold attacks.


Message History

The phantom hits you but does no damage. x2
You closely miss the phantom.
The phantom is heavily damaged.
The phantom hits you!
* * * LOW HITPOINT WARNING * * *
The phantom completely misses you.
You miss the phantom. You tail-slap the phantom.
The phantom is heavily damaged.
The phantom hits you but does no damage. x2
You closely miss the phantom.
The phantom is heavily damaged.
You have got your breath back.
The phantom blinks!
Press: ? - help, Shift-Dir - straight line, f - phantom
Aim: a phantom (translocational energy, heavily damaged)
You fail to use your ability.
The phantom barely misses you.
You slash the phantom!
The phantom is severely damaged.
The phantom hits you!
You die...

#########.##.......###
#######.######.....#
.........# #.....#
.........# #.....#######
.........##
##.#####.....
........))#
##'#####.....
........#)#
#............
.o....o.#W##
#.........###
........#@)# #.....†...#
........##.# #.........#
........##.# #.........#
....o...##$. #.........#
.....W..###.##.........#
....#.........#
#....#......###
#....#..###.#
#....#..###.#


You could see a phantom.

Vanquished Creatures
  Grinder (D:3)
  Purgy (Sewer)
  The ghost of rgaf the Chopper, an amateur HOBe of Trog (D:3)
  A hound (D:4)
  A bullfrog skeleton (D:4)
  5 orc wizards (D:4)
  An iguana (D:4)
  Natasha (twice) (D:3)
  Terence (D:3)
  2 worker ants (D:4)
  Robin (D:3)
  2 gnolls (D:3)
  4 adders
  3 dart slugs
  4 leopard geckos
  10 orcs (D:4)
  6 bats
  10 giant cockroaches
  10 hobgoblins
  4 jackals (D:2)
  9 kobolds
  A quokka (D:2)
  4 ball pythons
  4 frilled lizards
  13 goblins
  12 rats
  A bush (D:1)
  3 plants (D:1)
117 creatures vanquished.

Notes
Turn   | Place    | Note
-------+----------+-------------------------------------------
     0 | D:1      | Ericaplier the Draconian Berserker began the quest for the Orb.
     0 | D:1      | Reached XP level 1. HP: 19/19 MP: 1/1
   149 | D:1      | Gained mutation: Your system is resistant to poisons. (rPois) [potion of mutation]
   149 | D:1      | Gained mutation: You are resistant to hostile enchantments. (MR+) [potion of mutation]
   149 | D:1      | Gained mutation: Your mind is acute. (Int +2) [potion of mutation]
   214 | D:1      | Lost mutation: You are resistant to hostile enchantments. (MR+) [potion of cure mutation]
   214 | D:1      | Lost mutation: Your mind is acute. (Int +2) [potion of cure mutation]
   214 | D:1      | Lost mutation: Your system is resistant to poisons. (rPois) [potion of cure mutation]
   230 | D:1      | Reached XP level 2. HP: 26/26 MP: 2/2
  1115 | D:2      | Found a burning altar of Makhleb.
  1116 | D:2      | Found a sparkling altar of Nemelex Xobeh.
  1116 | D:2      | Found a radiant altar of Vehumet.
  1132 | D:2      | Reached XP level 3. HP: 22/33 MP: 3/3
  1136 | D:2      | Reached ** piety under Trog
  1191 | D:2      | Found a stormy altar of Qazlal.
  1299 | D:2      | Found a shadowy altar of Dithmenos.
  1299 | D:2      | Found a bloodstained altar of Trog.
  1575 | D:3      | Found a hazy altar of Hepliaklqana.
  1576 | D:3      | Noticed Robin
  1597 | D:3      | Reached skill level 4 in Long Blades
  1616 | D:3      | Reached XP level 4. HP: 40/40 MP: 4/4
  1622 | D:3      | Killed Robin
  1683 | D:3      | Found a glowing drain.
  1707 | Sewer    | Entered a sewer
  1740 | Sewer    | Noticed Purgy
  1752 | Sewer    | Killed Purgy
  1752 | Sewer    | Reached XP level 5. HP: 31/46 MP: 5/5
  2215 | D:3      | Noticed rgaf's ghost (amateur HOBe)
  2224 | D:3      | Killed rgaf's ghost
  2224 | D:3      | Reached skill level 5 in Long Blades
  2224 | D:3      | Reached XP level 6. HP: 30/52 MP: 3/6
  2509 | D:3      | Noticed Natasha
  2533 | D:3      | Killed Natasha
  2533 | D:3      | Reached *** piety under Trog
  2647 | D:3      | Noticed Terence
  2661 | D:3      | Killed Terence
  2789 | D:3      | Noticed Natasha
  2798 | D:3      | Killed Natasha
  2798 | D:3      | Reached skill level 6 in Long Blades
  2823 | D:3      | Noticed Grinder
  2829 | D:3      | Paralysed by Grinder for 5 turns
  2841 | D:3      | Paralysed by Grinder for 6 turns
  2852 | D:3      | HP: 1/53 [Grinder (6)]
  2856 | D:3      | Killed Grinder
  2856 | D:3      | Reached skill level 1 in Stealth
  2856 | D:3      | Your scales start taking on a weird mottled colour.
  2856 | D:3      | Reached XP level 7. HP: 2/60 MP: 0/7
  3011 | D:4      | Found Fiabbuv's Distillery.
  3062 | D:4      | Bought a potion of curing for 30 gold pieces
  3127 | D:4      | Reached skill level 7 in Long Blades
  3317 | D:4      | Reached skill level 5 in Fighting
  3334 | D:4      | Reached skill level 1 in Axes
  3351 | D:4      | HP: 1/61 [phantom (6)]
  3355 | D:4      | Slain by a phantom

Vault maps used:
D:1:      dpeg_arrival_erosion, serial_forest, infiniplex_forest_lined_4_way,
          infiniplex_forest_straight_1, infiniplex_forest_clump_small,
          infiniplex_forest_clump_medium, infiniplex_forest_zigzag_2,
          infiniplex_forest_lined_corner, infiniplex_forest_end_2,
          infiniplex_forest_lined_2
D:2:      grunt_temple_overflow_open, gammafunk_temple_overflow_elements
D:3:      overflow_temple_1_default, portal_sewer_entry_c,
          kennysheep_cross_bottleneck, corexii_hall_statues_l, uniq_grinder,
          uniq_terence, uniq_robin, uniq_natasha
D:4:      serial_shops, shop
Sewer:    kennysheep_door_sewer

Skill      XL: |  1  2  3  4  5  6  7 |
---------------+----------------------+-----
Dodging        | 3 4 |  4.7
Long Blades    | 4 5 6 7 |  7.1
Fighting       | 4 5 |  5.1
Stealth        | 1 |  1.3
Axes           | 1 |  1.3
Evocations     | |  0.2

Action                   |  1- 3 |  4- 6 |  7- 9 || total
-------------------------+-------+-------+-------++-------
Melee: Falchion          |   399 |   119 |    52 ||   570
       Tailslap          |    80 |    18 |    12 ||   110
       War axe           |       |       |    38 ||    38
Invok: Berserk           |     1 |     1 |     2 ||     4
 Abil: Breathe Sticky Fl |       |       |     2 ||     2
Evoke: Wand              |       |     2 |     2 ||     4
  Use: Scroll            |     7 |     1 |       ||     8
       Potion            |     6 |     2 |     2 ||    10
 Stab: Sleeping          |       |     1 |       ||     1
  Eat: Bread ration      |     1 |       |     1 ||     2
       Chunk             |       |     4 |     1 ||     5
Armor: Skin              |    59 |    28 |    37 ||   124
Dodge: Dodged            |   117 |    88 |    99 ||   304
       Rpst.: Falchion   |    41 |    26 |    19 ||    86
